Map: Orbital Shipyard

Players

CaptRaynor - Winner!

  • Race: Protoss Protoss
  • League: Grandmaster

JTgamingpro

  • Race: Terran Terran
  • League: Grandmaster

VOD

Have the link to the VOD?

Description

Time

  • Played on: May 30, 2015, 7:32 p.m.
  • Length: 7:34
Show
View Real Time Build Order
Export as new Build Order

CaptRaynor Protoss - Winner!

Build Orders:  

Get SALT Encoding   

  12  0:01  Probe  
  13  0:13  Probe  
  14  0:33  Pylon  
  14  0:46  Assimilator  
  14  0:51  Probe  
  15  1:04  Gateway  
  15  1:06  Pylon  
  15  1:08  Probe (Chrono Boost)  
  16  1:20  Probe (Chrono Boost)  
  17  1:27  Probe (Chrono Boost)  
  17  1:30  Gateway  
  17  1:31  Gateway  
  17  1:32  Pylon  
  18  1:37  Probe (Chrono Boost)  
  19  1:46  Probe (Chrono Boost)  
  20  1:54  Cybernetics Core, Probe (Chrono Boost)  
  21  2:06  Probe (Chrono Boost)  
  22  2:08  Assimilator  
  22  2:12  Probe (Chrono Boost)  
  24  2:23  Probe (Chrono Boost)  
  24  2:33  Warp Gate (Chrono Boost)  
  24  2:37  Mothership Core  
  28  2:44  Adept x3  
  32  2:58  Probe  
  32  3:10  Probe (Chrono Boost)  
  33  3:21  Nexus  
  33  3:24  Probe (Chrono Boost)  
  34  3:36  Forge  
  34  3:39  Probe, Pylon  
  35  3:47  Pylon  
  35  3:51  Probe  
  36  3:58  Adept x3  
  42  4:04  Probe  
  43  4:16  Protoss Ground Weapons Level 1 (Chrono Boost)  
  43  4:21  Twilight Council  
  43  4:23  Pylon  
  43  4:26  Probe  
  43  4:29  Pylon  
  44  4:39  Probe x2  
  46  4:47  Gateway  
  46  5:03  Probe x2  
  48  5:18  Sentry  
  48  5:19  Sentry  
  48  5:20  Adept  
  54  5:30  Probe x2  
  56  5:45  Adept x4  
  64  5:53  Probe x2  
  64  5:56  Pylon  
  66  5:58  Shield Upgrade (Chrono Boost), Pylon  
  66  6:04  Gateway  
  66  6:10  Stalker x4  
  72  6:31  Probe x2  
  74  6:36  Adept x4, Assimilator  
  82  6:42  Assimilator  
  82  6:53  Probe x2  
  84  7:09  Adept x5, Nexus  
  84  7:11  Pylon  
  84  7:14  Pylon  
  94  7:31  Pylon  
Show
View Real Time Build Order
Export as new Build Order

JTgamingpro Terran 

Build Orders:  

Get SALT Encoding   

  12  0:09  Refinery  
  12  0:22  Supply Depot  
  12  0:46  Supply Depot  
  12  0:57  Barracks  
  12  1:09  Supply Depot  
  12  1:32  Supply Depot  
  12  1:46  Engineering Bay  
  12  1:48  Marine  
  12  1:53  Bunker  
  13  2:06  Marine  
  14  2:24  Factory, Marine  
  15  2:41  SCV  
  15  2:42  Marine  
  17  2:54  SCV  
  18  3:06  SCV  
  19  3:14  Bunker  
  19  3:18  SCV  
  20  3:23  Refinery  
  20  3:29  Barracks Reactor  
  20  3:30  SCV  
  21  3:36  Barracks Tech Lab  
  21  3:40  Factory Tech Lab  
  21  3:48  Supply Depot  
  21  4:10  Supply Depot  
  21  4:21  Command Center  
  21  4:23  Marine  
  22  4:36  SCV  
  23  4:41  Marine  
  24  4:48  SCV  
  25  4:59  Marauder  
  27  5:00  SCV  
  28  5:20  Marine  
  29  5:27  Siege Tank  
  32  5:38  SCV, Marine  
  34  5:44  Refinery  
  34  5:50  SCV  
  34  5:56  Marine  
  36  5:57  Refinery  
  36  6:02  SCV  
  37  6:13  Marine  
  37  6:14  SCV  
  30  6:26  SCV  
  30  6:31  Siege Tank  
Tags
 
Add a new tag
Caveats
  • Supply blocks, unpowered buildings, or Contaminate may cause inaccurate times.
  • Supply counts are checked every 10 seconds.